[Event "Early-Titled-Tuesday-Blitz-August-29-2023"]
[Site "Chess.com"]
[Date "2023.08.29"]
[Round "1"]
[White "Caisachess"]
[Black "jerry_77"]
[Result "1/2-1/2"]
[WhiteElo "2315"]
[BlackElo "2625"]
[TimeControl "180+1"]
[EndTime "8:08:33 PDT"]
[Termination "Game drawn by repetition"]

1. e4 c6 2. Nc3 d5 3. Nf3 Bg4 4. h3 Bxf3 5. Qxf3 e6 6. d4 Nd7 7. exd5 cxd5 8. Bd3 Bd6 9. Ne2 Ngf6 10. O-O O-O 11. c3 e5 12. dxe5 Nxe5 13. Qe3 Nxd3 14. Qxd3 h6 15. Bf4 Re8 16. Bxd6 Qxd6 17. Rad1 Re5 18. Nd4 Rae8 19. Nf5 Qd7 20. Ne3 Qa4 21. Qb1 Rg5 22. Rd4 Qd7 23. Kh1 Ne4 24. Qd1 Nxf2+ 25.
Rxf2 Rxe3 26. Qd2 Rxh3+ 27. Kg1 Rhg3 28. c4 Qh3 29. Rxd5 Qg4 30. Rxg5 Qxg5 31. Qxg5 Rxg5 32. Rd2 Rc5 33. b3 Rc7 34. Rd8+ Kh7 35. Ra8 a6 36. Rd8 g5 37. Kf2 Kg6 38. Ke3 Kf6 39. Kd4 h5 40. c5 h4 41. b4 Ke7 42. Rg8 Rd7+ 43. Kc4 f6 44. a4 Ke6 45. b5 axb5+ 46. axb5 Rd2 47.
Rb8 Rc2+ 48. Kd4 Rxg2 49. Rxb7 Rb2 50. b6 h3 51. Rh7 h2 52. Kc3 Rb5 53. Kc4 Rb2 54. Kc3 Rb1 55. Rxh2 Kd5 56. Rh6 Kxc5 57. Rxf6 g4 58. Kd3 g3 59. Rg6 Rb3+ 60. Ke2 Rb2+ 61.
Kf3 Rb3+ 62. Kg2 Kd5 63. Rxg3 Rxb6 64. Rg5+ Ke4 65. Rg4+ Ke3 66. Rg8 Rb7 67. Re8+ Kf4 68. Rf8+ Kg5 69. Rg8+ Kf6 70. Rf8+ Kg7 71. Rc8 Rb2+ 72.
Kf3 Kf6 73. Rc6+ Ke5 74. Rc5+ Kd4 75. Rc8 Rh2 76. Rd8+ Ke5 77. Re8+ Kd4 78. Rd8+ Ke5 79. Re8+ Kd4 80. Rd8+ 1/2-1/2

[Event "Early-Titled-Tuesday-Blitz-August-29-2023"]
[Site "Chess.com"]
[Date "2023.08.29"]
[Round "1"]
[White "Chuchofrio1"]
[Black "wadsy27"]
[Result "0-1"]
[WhiteElo "2247"]
[BlackElo "2608"]
[TimeControl "180+1"]
[EndTime "8:08:33 PDT"]
[Termination "wadsy27 won by resignation"]

1. e4 c5 2. Nc3 e6 3. f4 Nc6 4.
Nf3 g6 5. a3 Bg7 6. b4 cxb4 7.
axb4 Nxb4 8. Ba3 Nc6 9. e5 Nge7 10. d4 O-O 11. Bd3 d5 12. O-O a6 13. g4 Re8 14. h4 f5 15. g5 Bd7 16. Ne2 Na5 17. Ng3 Bb5 18. h5 Nc4 19. Bxc4 dxc4 20. c3 Qd5 21. Kf2 Bc6 22. Qe2 Bf8 23. Rh1 Qxf3+ 24.
Qxf3 Bxf3 25. Kxf3 Nd5 26. Bxf8 Rxf8 27. hxg6 hxg6 28.
Ne2 Kg7 29. Rhb1 b5 30. Ra5 Rh8 31. Kg3 Nc7 32. Rba1 Rh5 33. d5 exd5 34. Nd4 Rah8 35.
Rxa6 Rh3+ 36. Kg2 Rh2+ 37. Kg1 Nxa6 38. Rxa6 Rh1+ 39. Kg2 R8h2+ 40. Kg3 Rh3+ 41. Kg2 R1h2+ 42.
Kg1 Rb2 43. Ra7+ Kg8 44. Ra8+ Kf7 45. e6+ Ke7 46. Ra7+ Kd6 47. Ra6+ Kc7 48. Ra7+ Kb6 49. Ra1 Rxc3 50. Re1 Rg3+ 51. Kf1 Rh3 52. Kg1 Rh8 53.
e7 Re8 54. Re6+ Kc5 55. Nc6 c3 56. Ne5 c2 57. Rc6+ Kd4 58. Nf3+ Ke3 59. Ne1 Kd2 60.
Nf3+ Kd1 61. Rd6 c1=Q 62. Rxd5+ Ke2+ 63. Kg2 Qf1+ 64. Kh2 Rh8+ 0-1

[Event "Early-Titled-Tuesday-Blitz-August-29-2023"]
[Site "Chess.com"]
[Date "2023.08.29"]
[Round "1"]
[White "krstulov_alex"]
[Black "larsmandreassen"]
[Result "1-0"]
[WhiteElo "2607"]
[BlackElo "2244"]
[TimeControl "180+1"]
[EndTime "8:08:33 PDT"]
[Termination "krstulov_alex won on time"]

1. Nc3 d5 2. e3 Nf6 3. h3 e5 4. d3 c5 5. g4 h6 6. Bg2 Nc6 7. Nge2 Bd6 8. Ng3 g6 9. e4 d4 10. Nd5 Be6 11. Qf3 Bxd5 12. exd5 Nb4 13. Kd1 Nbxd5 14. g5 hxg5 15. Bxg5 Be7 16. Re1 Qd6 17.
Bxf6 Nxf6 18. Qxb7 O-O 19. Qxa8 Rxa8 20. Bxa8 Nd5 21. Bxd5 Qxd5 22. Kd2 Bg5+ 23. Ke2 c4 24.
Ne4 cxd3+ 25. cxd3 Be7 26. Rg1 Qb5 27. b3 f5 28. Ng3 e4 29. Rad1 Kf7 30. a4 Qxb3 31.
dxe4 f4 32. Rxd4 fxg3 33. Rxg3 Qb2+ 34. Rd2 Qb4 35. Rf3+ Ke6 36. Rfd3 Qxa4 37. f3 Qa6 38. Kf2 Bc5+ 39. Kg2 Qc4 40. Rd5 a5 41. h4 a4 42. h5 gxh5 43. Rxh5 a3 44. Rh6+ Ke7 45. Rh7+ Kf6 46. Rh6+ Kg5 47. Rh8 a2 48. Ra8 Kf4 49. Rdxa2 Qf7 50. R8a6 Qg7+ 51. Kf1 Qg1+ 52. Ke2 Qe3+ 53.
Kd1 Qxf3+ 54. Kc1 Be3+ 55. Kb1 Qxe4+ 56. Kb2 Bd4+ 57. Kb3 Qd3+ 58. Kb4 Qc3+ 59. Kb5 Qc5+ 60.
Ka4 Qc4+ 61. Ka3 Bc5+ 62. Kb2 Qb4+ 63. Kc2 Qc4+ 64. Kd2 Bd4 65. R6a4 Qc3+ 66. Ke2 Qe3+ 67. Kd1 Ke4 68. Rd2 Qb3+ 69. Ke1 Qxa4 70. Re2+ 1-0

[Event "Early-Titled-Tuesday-Blitz-August-29-2023"]
[Site "Chess.com"]
[Date "2023.08.29"]
[Round "1"]
[White "Kaua18"]
[Black "Genghis_K"]
[Result "1/2-1/2"]
[WhiteElo "2483"]
[BlackElo "2890"]
[TimeControl "180+1"]
[EndTime "8:08:36 PDT"]
[Termination "Game drawn by repetition"]

1. e4 c6 2. d3 d5 3. Nd2 e5 4. Ngf3 Bd6 5. c3 Ne7 6. d4 exd4 7. cxd4 dxe4 8. Nxe4 Bb4+ 9. Bd2 Bxd2+ 10. Qxd2 O-O 11.
Be2 Nd7 12. O-O Nd5 13. Rfe1 N7f6 14. Nc5 Rb8 15. Rac1 Bf5 16. Bd3 Bxd3 17. Qxd3 Qd6 18. Ne5 Rfd8 19. a3 Nf4 20. Qb3 Qd5 21. Qxd5 Rxd5 22. g3 Ng6 23. Rc4 Rd6 24. Nxg6 hxg6 25.
Re7 b6 26. Na6 Rbd8 27. Nb4 Rxd4 28. Rxd4 Rxd4 29. Nxc6 Rd1+ 30. Kg2 a5 31. Kf3 Rd2 32. Re2 Rd6 33. Rc2 Nd7 34. Ne7+ Kf8 35. Nc8 Rd3+ 36.
Ke4 Rb3 37. Kd5 a4 38. f4 b5 39. Kc6 Nf6 40. Nd6 b4 41. axb4 Rxb4 42. Kc5 Rb8 43. Nc4 Ne4+ 44. Kd4 f5 45. Ne5 Rd8+ 46. Ke3 Rd6 47.
Rc8+ Ke7 48. Rc7+ Kf6 49. Rf7+ Ke6 50. Rxg7 Rd1 51. Rxg6+ Kd5 52. Ra6 Re1+ 53. Kf3 Nc5 54. Ra5 Rf1+ 55. Kg2 Rb1 56. Nd7 Rxb2+ 57. Kh3 Rc2 58.
Nxc5 Rxc5 59. Rxa4 Rc8 60. Ra5+ Ke4 61. Ra3 Rh8+ 62.
Kg2 Rb8 63. h4 Rh8 64. Kh3 Rh7 65. Rb3 Rh8 66. Ra3 Rh7 67. Kg2 Rh8 68. Ra4+ Ke3 69.
Ra3+ Ke4 1/2-1/2

[Event "Early-Titled-Tuesday-Blitz-August-29-2023"]
[Site "Chess.com"]
[Date "2023.08.29"]
[Round "1"]
[White "BogdanDeac"]
[Black "djano"]
[Result "1-0"]
[WhiteElo "3017"]
[BlackElo "2516"]
[TimeControl "180+1"]
[EndTime "8:08:42 PDT"]
[Termination "BogdanDeac won on time"]

1. b3 c5 2. Bb2 Nc6 3. e3 e5 4. c4 d6 5. Nc3 Nf6 6. g3 Be7 7. Bg2 O-O 8. d3 Bg4 9. Nge2 Qd7 10. h3 Be6 11. Nd5 Rfe8 12. Nec3 Rad8 13. g4 h6 14. O-O Nb4 15. Nxf6+ Bxf6 16. a3 Nc6 17. Nd5 Bh4 18. f4 f6 19. b4 Ne7 20.
bxc5 dxc5 21. e4 Nxd5 22. exd5 Bf7 23. fxe5 fxe5 24. Be4 Qd6 25. Qf3 Bg6 26. Bxg6 Qxg6 27. Qe4 Qd6 28. a4 Bg5 29. Bc1 Bxc1 30. Raxc1 Rf8 31.
Kg2 Rxf1 32. Rxf1 Rf8 33. Rxf8+ Kxf8 34. Qf5+ Kg8 35. Qc8+ Kh7 36. Qxb7 e4 37. Qf7 exd3 38. Qf5+ Kh8 39. Qxd3 Qe5 40. d6 Qb2+ 41. Kf3 Qf6+ 42. Ke2 Qb2+ 43. Kf1 Qa1+ 44. Kf2 Qb2+ 45. Ke1 Qa1+ 46.
Qd1 Qe5+ 47. Kf2 Qb2+ 48. Kg3 Qc3+ 49. Kf4 Qf6+ 50. Ke4 Qe6+ 51. Kf3 Qf6+ 52. Kg2 Qb2+ 53. Kh1 Qc3 54. Kh2 Qb2+ 55. Kg3 Qc3+ 56. Kf4 Qf6+ 57. Ke3 Qe5+ 58. Kf2 Qb2+ 59. Kf1 Qf6+ 60. Kg1 Qc3 61. Qd5 Qe1+ 62. Kg2 Qe2+ 63. Kg3 Qe1+ 64. Kf3 Qf1+ 65. Ke4 Qe2+ 66. Kf4 Qf2+ 67. Ke5 Qe2+ 68. Kf5 Qf2+ 69. Ke6 Qf8 70. Kd7 Kh7 71. Qf5+ 1-0

[Event "Early-Titled-Tuesday-Blitz-August-29-2023"]
[Site "Chess.com"]
[Date "2023.08.29"]
[Round "1"]
[White "Defend1r"]
[Black "BillieKimbah"]
[Result "1/2-1/2"]
[WhiteElo "2528"]
[BlackElo "3030"]
[TimeControl "180+1"]
[EndTime "8:08:43 PDT"]
[Termination "Game drawn by agreement"]

1. e4 c5 2. Nf3 e6 3. c3 Nf6 4. e5 Nd5 5. d4 cxd4 6. cxd4 d6 7. Bc4 Be7 8. Qe2 O-O 9. O-O Nc6 10. Rd1 Qc7 11. a3 a6 12. Bxd5 exd5 13. Nc3 Be6 14. Bf4 h6 15. exd6 Bxd6 16. Bxd6 Qxd6 17. b4 Rfe8 18. Qd3 Bg4 19. h3 Bh5 20. Qf5 Bxf3 21.
Qxf3 Rad8 22. Qg4 g6 23. Rd3 h5 24. Qg5 Kg7 25. Rad1 Re6 26. g3 f6 27. Qc1 Rde8 28. Na4 Re2 29. Nc3 R2e7 30. Rf3 Nxd4 31. Rfd3 Ne2+ 32.
Nxe2 Rxe2 33. Rxd5 Qb6 34. Rd7+ R8e7 35. Rxe7+ Rxe7 36. Qf4 Qe6 37. Rd6 Qf7 38. Kg2 g5 39. Qf5 Qg6 40. Qxg6+ Kxg6 41. Rb6 Kf5 42. g4+ hxg4 43. hxg4+ Ke5 44. Kf3 Rc7 45. a4 Rf7 46. Ke3 Kd5 47.
f4 Re7+ 48. Kd3 gxf4 49. Rxf6 Re3+ 50. Kc2 Ke4 51. g5 Rg3 52. Re6+ Kf3 53. g6 Kg2 54. Rb6 f3 55. Rxb7 f2 56. Rf7 Rxg6 57. Kc3 Rg3+ 58.
Kc4 Rf3 59. Rg7+ Kh3 60. Rh7+ Kg4 61. Rh1 Kf5 62. Rf1 Ke4 63. b5 axb5+ 64. axb5 Rf8 65. Kc5 Rc8+ 66. Kb6 Rc2 67. Ka7 Kd5 68. b6 Kc6 69. b7 Ra2+ 70. Kb8 Re2 71. Ka7 Ra2+ 72. Kb8 Rb2 73. Kc8 Rxb7 74. Rxf2 Rc7+ 75. Kd8 Rd7+ 76. Ke8 Rd6 1/2-1/2

[Event "Early-Titled-Tuesday-Blitz-August-29-2023"]
[Site "Chess.com"]
[Date "2023.08.29"]
[Round "1"]
[White "Iskusnyh"]
[Black "crazy_m_attack"]
[Result "1-0"]
[WhiteElo "2637"]
[BlackElo "2314"]
[TimeControl "180+1"]
[EndTime "8:08:43 PDT"]
[Termination "Iskusnyh won by resignation"]

1. d4 Nf6 2. c4 e6 3. g3 d5 4.
Bg2 dxc4 5. Nf3 a6 6. O-O Nc6 7. e3 Bd7 8. Qe2 Bd6 9. Qxc4 Qe7 10. Nc3 h6 11. e4 e5 12. Nd5 Nxd5 13. exd5 Nxd4 14.
Nxd4 exd4 15. Qxd4 O-O 16. Bf4 Bc5 17. Qc3 Bd6 18. Rfe1 Qd8 19. Be5 Bxe5 20. Rxe5 Rc8 21. Rae1 Re8 22. Rxe8+ Bxe8 23. Qb4 b6 24. h4 Bd7 25.
Qf4 Qf8 26. a3 a5 27. Bf3 g6 28. Qf6 Qg7 29. Qxg7+ Kxg7 30. Re7 Bf5 31. d6 cxd6 32. Bd5 Kf6 33. Rxf7+ Ke5 34. Bf3 Rc1+ 35. Kg2 Rc2 36. g4 Be6 37. Rg7 Kf6 38. Rxg6+ Kxg6 39. Be4+ Kf6 40.
Bxc2 Bxg4 41. Kg3 Be6 42. Kf4 d5 43. Ke3 Ke5 44. f4+ Kf6 45. Kd4 Bf5 46. Bb3 Bg4 47. Bxd5 Kf5 48. Ke3 Bh5 49. Bf3 Bf7 50. b4 axb4 51.
axb4 Bc4 52. Bd1 Bf1 53. Kf3 Bb5 54. Bc2+ Kf6 55. Ke3 Bc4 56. Kd4 Bf7 57. Bd3 Be6 58.
Be4 Bf7 59. Bd3 Be6 60. Bc4 Bd7 61. Kd5 Be6+ 62. Kc6 Bd7+ 63. Kxb6 Kf5 64. Be2 Kxf4 65. h5 Kg5 66. Kc5 Be8 67. Bf3 Kf6 68. Bc6 Kg7 69.
Bxe8 1-0

[Event "Early-Titled-Tuesday-Blitz-August-29-2023"]
[Site "Chess.com"]
[Date "2023.08.29"]
[Round "1"]
[White "Mops_2004"]
[Black "semchik73"]
[Result "1-0"]
[WhiteElo "2803"]
[BlackElo "2427"]
[TimeControl "180+1"]
[EndTime "8:08:53 PDT"]
[Termination "Mops_2004 won by checkmate"]

1. Nf3 d5 2. g3 c6 3. Bg2 Nf6 4. O-O Bf5 5. c4 h6 6. Qb3 Qb6 7. d3 e6 8. cxd5 exd5 9. Qc2 Be7 10. Nc3 O-O 11. e4 dxe4 12. dxe4 Bh7 13. Be3 Qa5 14. Nd4 Nbd7 15. Nb3 Qc7 16. h3 Rad8 17. f4 Qb8 18. Qf2 b6 19. e5 Nd5 20. Bxd5 cxd5 21. Nxd5 Rfe8 22. Rad1 Bf8 23. Rd2 Be4 24. Rfd1 Qb7 25. Nc3 Bf5 26. g4 Bh7 27. Qg2 Qc8 28. Nb5 Nc5 29.
Nxa7 Rxd2 30. Rxd2 Qc7 31. Nb5 Qc8 32. Nc3 Nd3 33.
Ne4 Ne1 34. Qe2 Bxe4 35. Qxe1 Qb7 36. Nd4 Bc5 37. Qf2 Rd8 38. Nf5 Rxd2 39. Qxd2 Bxf5 40. gxf5 Qf3 41. Bxc5 bxc5 42. Qf2 Qd1+ 43. Kh2 Qd5 44. b3 Qe4 45. Kg3 Qxf5 46. Qxc5 Qd3+ 47. Kf2 Qd2+ 48. Kf3 Qd3+ 49. Qe3 Qd1+ 50. Ke4 Qc2+ 51. Qd3 Qxa2 52.
f5 Qg2+ 53. Kd4 Qf2+ 54. Kd5 Qb6 55. e6 Qb7+ 56. Ke5 Qc7+ 57. Qd6 Qc3+ 58. Qd4 Qg3+ 59. Kd5 fxe6+ 60. fxe6 Qf3+ 61. Qe4 Qxb3+ 62. Ke5 Qb5+ 63.
Kd6 Qb6+ 64. Qc6 Qxc6+ 65. Kxc6 Kf8 66. Kd7 g5 67. e7+ Kf7 68. e8=Q+ Kf6 69. Qf8+ Ke5 70. Qxh6 Kf4 71. Qh5 Kf5 72. Qg4+ Kf6 73. Kd6 Kg6 74.
h4 Kh6 75. Qxg5+ Kh7 76. Ke7 Kh8 77. Kf7 Kh7 78. Qh5# 1-0

[Event "Early-Titled-Tuesday-Blitz-August-29-2023"]
[Site "Chess.com"]
[Date "2023.08.29"]
[Round "1"]
[White "suyu28"]
[Black "imdvb6307"]
[Result "1-0"]
[WhiteElo "2736"]
[BlackElo "2409"]
[TimeControl "180+1"]
[EndTime "8:08:53 PDT"]
[Termination "suyu28 won on time"]

1. d4 d5 2. Bf4 c6 3. e3 Bf5 4. c4 e6 5. Nc3 Nd7 6. Qb3 Qb6 7. c5 Qxb3 8. axb3 a6 9. Nf3 Ne7 10. h3 h5 11. b4 Rc8 12. Nd2 Ng6 13. Bh2 Be7 14. Nb3 Bd8 15. Na5 Bxa5 16. Rxa5 e5 17. Kd2 O-O 18. Be2 h4 19. g4 hxg3 20. Bxg3 Rfe8 21.
h4 exd4 22. exd4 Nf6 23. h5 Nf8 24. f3 Ne6 25. Bf2 Nf4 26. Bf1 N6xh5 27. Ra1 Re6 28. Nd1 Rce8 29. Ne3 Bg6 30. Ng4 f6 31. Rg1 Kf8 32.
Re1 Rxe1 33. Bxe1 Kf7 34. Bf2 Ne6 35. Be3 Nhf4 36. Rh1 Bf5 37. Nf2 Ng6 38. Rh5 Ne7 39. Nd3 Bg6 40. Rh3 Nf5 41. Bf2 Nexd4 42. Nc1 Ne6 43.
Bd3 Nf4 44. Rh1 Nxd3 45. Nxd3 Ne7 46. Nf4 Bf5 47. Bd4 Ng8 48. Rg1 Nh6 49. Nh5 Rg8 50. Re1 Bd7 51. Be3 Nf5 52. Bf4 Re8 53. Rg1 g6 54. Ng3 Rh8 55. Ne2 Rh3 56. Rf1 Ng7 57. Be3 Rh4 58. Bd4 Nf5 59. Kc3 Nxd4 60. Nxd4 Rh2 61.
Nb3 Bf5 62. Na5 Rc2+ 63. Kb3 Rd2 64. Nxb7 Bd3 65. Re1 Bc4+ 66. Kc3 Rd3+ 67. Kc2 Rxf3 68. Nd8+ Kg7 69. Nxc6 Bb3+ 70. Kd2 Ba4 71. Nd4 Rf4 72. Kc3 Rg4 73. Ra1 Rg3+ 74. Kd2 Bb5 75. Nxb5 axb5 76.
c6 Rh3 77. Ra7+ Kh6 78. c7 Rh2+ 79. Kd3 Rh3+ 80. Kc2 Rh4 81. b3 Rh2+ 82. Kd3 Rh3+ 83. Kd4 Rh4+ 84. Kxd5 Rh5+ 85. Kd6 1-0

[Event "Early-Titled-Tuesday-Blitz-August-29-2023"]
[Site "Chess.com"]
[Date "2023.08.29"]
[Round "1"]
[White "viktorgen2021"]
[Black "denizozen"]
[Result "0-1"]
[WhiteElo "2462"]
[BlackElo "2872"]
[TimeControl "180+1"]
[EndTime "8:08:54 PDT"]
[Termination "denizozen won by resignation"]

1. d4 Nf6 2. Nf3 d5 3. c4 dxc4 4. e3 e6 5. Bxc4 c5 6. O-O Nc6 7. Qe2 cxd4 8. exd4 Be7 9. Rd1 O-O 10. Nc3 Na5 11.
Bd3 a6 12. Bg5 Nc6 13. Rac1 Nb4 14. Bb1 Nbd5 15. Ne5 Nxc3 16. Rxc3 g6 17. Rh3 Nd5 18.
Bh6 Re8 19. Qf3 Bf6 20. Ng4 Bd7 21. Bf4 Bg7 22. Nh6+ Bxh6 23. Bxh6 Qf6 24. Qg4 Rac8 25. Bg5 Qg7 26. Bh6 Qf6 27. Bg5 Qh8 28. Qh4 Ba4 29.
b3 Bb5 30. Re1 Qg7 31. Be4 f5 32. Bxd5 exd5 33. Rhe3 Re4 34. Rxe4 dxe4 35. Bf6 Qf7 36. Be5 Bc6 37. h3 Bd5 38. Qf4 Qd7 39. Rc1 Rxc1+ 40.
Qxc1 Bc6 41. Qc5 Kf7 42. Qa7 e3 43. f3 e2 44. Kf2 Bb5 45. Qb8 Qc6 46. Qh8 Ke6 47.
Qf6+ Kd5 48. Qxc6+ Kxc6 49. h4 Bd3 50. g4 Kd5 51. h5 b5 52. hxg6 hxg6 53. gxf5 gxf5 54. Bf6 b4 55. Ke1 Bb1 56. Kd2 Bxa2 57. Kxe2 Bxb3 58. Kd3 Bc4+ 59. Kc2 a5 60. Be7 Kxd4 61. Bd8 a4 62.
Bb6+ Kd5 63. Ba5 Kc5 64. Bd8 Kb5 65. Be7 Bd5 66. f4 Be4+ 67. Kb2 Kc4 68. Bf6 Bd5 69. Be5 Be6 70. Bf6 Bf7 71. Be5 a3+ 72. Ka1 b3 73. Kb1 Bd5 74. Bf6 Be4+ 75. Ka1 Bd3 76. Be5 Kd5 77. Bf6 Ke4 78. Be5 b2+ 0-1

[Event "Early-Titled-Tuesday-Blitz-August-29-2023"]
[Site "Chess.com"]
[Date "2023.08.29"]
[Round "1"]
[White "MatthewG-p4p"]
[Black "pedromartinez91"]
[Result "1-0"]
[WhiteElo "2855"]
[BlackElo "2446"]
[TimeControl "180+1"]
[EndTime "8:08:54 PDT"]
[Termination "MatthewG-p4p won by resignation"]

1. e4 e6 2. d4 d5 3. e5 c5 4. c3 Ne7 5. Nf3 Nec6 6. a3 a5 7. Bb5 Bd7 8. Qe2 c4 9. a4 Na7 10. Bxd7+ Nxd7 11. h4 h6 12. h5 Be7 13. Rh3 Qb6 14.
Rg3 Bf8 15. Na3 Qc6 16. Nc2 b5 17. axb5 Nxb5 18. Nh2 a4 19. f4 a3 20. bxa3 Nb6 21. Rf3 Na4 22. Bd2 Nb2 23. f5 Nd3+ 24. Kf1 Nxa3 25.
Ne3 Be7 26. fxe6 fxe6 27. Kg1 Rf8 28. Raf1 Kd7 29. Nhg4 Rxf3 30. Rxf3 Rf8 31. Rxf8 Bxf8 32. Qf3 Ke8 33. Nf2 Nxf2 34. Qxf2 Nb5 35. Qg3 Qd7 36.
Qg6+ Qf7 37. Qb1 Qd7 38. Ng4 Kf7 39. Qg6+ Ke7 40. Qh7 Ke8 41. Qg6+ Qf7 42. Qb1 Qd7 43. Kh2 Kd8 44. Kh3 Qe8 45. Kg3 Be7 46. Nh2 Kc7 47. Nf3 Kc6 48. Qa1 Kb6 49. Qh1 Qf7 50. Qh3 Bd8 51. Kf2 Kc6 52. Ke2 Na3 53. Ne1 Nb5 54. g4 Bg5 55. Bxg5 hxg5 56. Qe3 Qe7 57. Nf3 Qa3 58.
Nxg5 Nxc3+ 59. Kf3 Qb2 60. Nxe6 Ne4 61. Nf4 Qh2 62. Ne2 Qh3+ 63. Kf4 Qf1+ 64. Qf3 Qd1 65. e6 Qd2+ 66. Qe3 Qe1 67. e7 Kd7 68. Ke5 Qh4 69.
Kxd5 Qxe7 70. Qxe4 Qd6+ 71. Kxc4 Qa6+ 72. Kc3 Qa1+ 73.
Kd2 Qa2+ 74. Ke3 1-0

[Event "Early-Titled-Tuesday-Blitz-August-29-2023"]
[Site "Chess.com"]
[Date "2023.08.29"]
[Round "1"]
[White "Vaibhavraut99"]
[Black "Irina_Barchuk"]
[Result "1-0"]
[WhiteElo "2572"]
[BlackElo "2155"]
[TimeControl "180+1"]
[EndTime "8:08:55 PDT"]
[Termination "Vaibhavraut99 won by checkmate"]

1. e4 c5 2. Nf3 d6 3. d4 cxd4 4. Nxd4 Nf6 5. Nc3 Nc6 6. Be3 Ng4 7. Bc1 Qb6 8. Nce2 e5 9. h3 Nxf2 10. Kxf2 exd4 11. Ke1 g6 12. Nf4 Bg7 13. Nd5 Qc5 14. Nc7+ Kd8 15. Nxa8 Re8 16. Bd3 f5 17. Bg5+ Kd7 18.
Kf2 fxe4 19. Qg4+ Qf5+ 20. Qxf5+ gxf5 21. Bb5 b6 22. a4 Bb7 23. a5 Rxa8 24. axb6 axb6 25.
Rxa8 Bxa8 26. Ra1 Bb7 27. Ra7 Kc7 28. Bxc6 Kxc6 29. Ke2 Be5 30. Ra4 Kc5 31. b4+ Kb5 32.
Ra7 Bd5 33. Rxh7 Kxb4 34. Rd7 Kc3 35. Rc7+ Bc4+ 36. Kd1 b5 37. h4 d3 38. Bd2+ Kb2 39.
cxd3 Bxd3 40. h5 f4 41. h6 e3 42. Bc1+ Kb3 43. g3 f3 44. Bxe3 d5 45. Rc5 Bxg3 46.
Rxd5 Be2+ 47. Kd2 Bc4 48. Rf5 Bd6 49. Rxf3 Bb4+ 50. Kd1 Kb2 51. Bd4+ Kb1 52. h7 Bd5 53. Rf5 Bb3+ 54. Ke2 Bc4+ 55. Kf3 Bd3 56. Kg4 Be2+ 57. Kh3 Bd3 58. h8=Q Bxf5+ 59. Kg3 Bd6+ 60. Be5 Bb4 61. Qh1+ Ka2 62. Qd5+ Ka3 63. Qxb5 Bc2 64. Qa6+ Ba4 65. Qd3+ Bb3 66. Qb1 Ka4 67. Qa1+ Kb5 68. Qb2 Ka4 69. Bc3 Ba3 70. Qd2 Bc4 71. Qd7+ Kb3 72. Bd2 Kc2 73. Qd4 Bb3 74. Qc3+ Kd1 75. Qxb3+ Kxd2 76. Qxa3 Ke2 77. Qf3+ Kd2 78. Kf4 Kc2 79. Ke4 Kd2 80. Kd4 Kc2 81. Qd3+ Kb2 82. Qc3+ Kb1 83. Qd2 Ka1 84. Kc3 Kb1 85.
Qb2# 1-0

[Event "Early-Titled-Tuesday-Blitz-August-29-2023"]
[Site "Chess.com"]
[Date "2023.08.29"]
[Round "1"]
[White "blank0923"]
[Black "KorolDimitriy75"]
[Result "0-1"]
[WhiteElo "2636"]
[BlackElo "2351"]
[TimeControl "180+1"]
[EndTime "8:09:07 PDT"]
[Termination "KorolDimitriy75 won on time"]

1. Nf3 c5 2. c3 g6 3. d4 Bg7 4.
dxc5 a5 5. e4 Na6 6. Be3 Nf6 7.
Nbd2 Ng4 8. Bf4 Nxc5 9. Bc4 O-O 10. O-O d6 11. Qe2 Be6 12. Rad1 Qb6 13. h3 Nf6 14. Nd4 Bxc4 15. Nxc4 Qa6 16. e5 dxe5 17. Bxe5 Rfd8 18.
Nf3 h6 19. Rfe1 Rac8 20. Bd4 Ne6 21. Nce5 Qxe2 22. Rxe2 Nxd4 23. Nxd4 e6 24. Rde1 Nd5 25. g3 h5 26. Nef3 a4 27. a3 Nb6 28. Kg2 Nc4 29.
g4 Rd5 30. Kg3 b5 31. Rb1 Rb8 32. Nc2 Rc5 33. Ne3 Nxe3 34. Rxe3 Bf6 35. Re2 Kg7 36.
Rd1 hxg4 37. hxg4 Rb7 38. Red2 Rcc7 39. Rd3 g5 40. Nd2 Kg6 41. Kg2 Be7 42. Nf3 Bf6 43.
Rd6 Rc4 44. Kh3 Rf4 45. Kg3 Rc7 46. Rh1 Rcc4 47. Nh2 Be5 48. Rb6 Rxg4+ 49. Kf3 Rh4 50.
Kg2 Bxh2 51. Rxh2 Rcg4+ 52. Kh1 Rxh2+ 53. Kxh2 Rf4 54. Kg3 Rf5 55. Rb7 Rd5 56. Rb6 Kf6 57. Kf3 Kf5 58. Rb7 f6 59. Rb8 g4+ 60. Ke2 Re5+ 61.
Kf1 Kf4 62. Rd8 f5 63. Rd4+ Re4 64. Rd6 e5 65. Rd5 g3 66. fxg3+ Kxg3 67. Rxb5 f4 68. Rb4 Re3 69. Rxa4 f3 70. Ra8 Rd3 71. Rg8+ Kf4 72. Ke1 Ke3 73. Rf8 e4 74. a4 Rd2 75. Re8 Rxb2 76.
Kd1 f2 77. Kc1 Ra2 78. Kb1 Re2 79. Rf8 Re1+ 80. Kc2 f1=Q 81. Rxf1 Rxf1 82. Kb3 Rf8 0-1

[Event "Early-Titled-Tuesday-Blitz-August-29-2023"]
[Site "Chess.com"]
[Date "2023.08.29"]
[Round "1"]
[White "Xavier_mompel"]
[Black "GP9isback23"]
[Result "0-1"]
[WhiteElo "2310"]
[BlackElo "2636"]
[TimeControl "180+1"]
[EndTime "8:09:18 PDT"]
[Termination "GP9isback23 won on time"]

1. e4 c5 2. Nf3 e6 3. d4 cxd4 4. Nxd4 Nf6 5. Nc3 Nc6 6. Ndb5 Bb4 7. a3 Bxc3+ 8. Nxc3 d5 9. exd5 exd5 10. Bd3 O-O 11. O-O d4 12. Ne2 Bg4 13. f3 Bh5 14. Nf4 Bg6 15.
Nxg6 hxg6 16. f4 Nd5 17. Qf3 Re8 18. Bd2 Ne3 19. Rfe1 Qb6 20. b3 Rad8 21. Kf2 Qc5 22. b4 Qb6 23. b5 Na5 24. Bxe3 dxe3+ 25. Rxe3 Nb3 26. Re1 Qc5 27. Kg3 Rxe3 28. Qxe3 Nd4 29. Kf2 b6 30. Kg1 Qxa3 31. h3 Qc5 32. Kh1 Ne6 33.
Qxc5 bxc5 34. f5 gxf5 35. Bxf5 Nd4 36. Bd3 g6 37. Re7 Rb8 38. Rxa7 Nxb5 39. Bxb5 Rxb5 40.
Rc7 Kg7 41. Kh2 g5 42. Kg3 Kg6 43. Kg4 Rb4+ 44. Kf3 Rc4 45. Ke3 Rxc2 46. Kd3 Rxg2 47. Rxc5 Rg3+ 48. Ke4 Rxh3 49. Rc6+ f6 50. Rc7 Rh4+ 51.
Kf3 Rf4+ 52. Kg3 Ra4 53. Rc6 Ra3+ 54. Kg4 Ra4+ 55. Kg3 Kf5 56. Rc5+ Ke6 57. Rc6+ Ke7 58. Rc7+ Kd6 59. Rb7 Ke5 60. Rb5+ Ke6 61. Rb6+ Kf5 62.
Rb5+ Kg6 63. Rb6 Ra7 64. Rc6 Re7 65. Kg4 Re4+ 66. Kg3 Re8 67. Kg4 Rb8 68. Ra6 Rb4+ 69. Kg3 Kg7 70. Ra7+ Kg8 71. Ra8+ Kf7 72. Ra7+ Ke6 73.
Ra6+ Ke7 74. Ra7+ Kd6 75. Ra6+ Ke5 76. Ra5+ Ke4 77. Ra6 Kf5 78. Ra5+ Kg6 79. Ra6 Re4 80. Rb6 Re7 81. Ra6 Rh7 82. Kg4 Rh4+ 83. Kg3 Rf4 84.
Rb6 Rf1 85. Ra6 Re1 86. Rb6 Kf5 87. Rb5+ Re5 0-1

[Event "Early-Titled-Tuesday-Blitz-August-29-2023"]
[Site "Chess.com"]
[Date "2023.08.29"]
[Round "1"]
[White "Barbus89"]
[Black "lilleper1"]
[Result "1/2-1/2"]
[WhiteElo "2501"]
[BlackElo "2925"]
[TimeControl "180+1"]
[EndTime "8:09:26 PDT"]
[Termination "Game drawn - insufficient material"]

1. Nf3 Nf6 2. g3 g6 3. b3 Bg7 4. Bb2 O-O 5. Bg2 c5 6. c4 Nc6 7. O-O d6 8. Nc3 e5 9. e3 Re8 10. d4 cxd4 11. exd4 e4 12. Ng5 Bf5 13. Re1 Nxd4 14.
Nxf7 Kxf7 15. Qxd4 Re6 16. Nxe4 Ne8 17. Ng5+ Qxg5 18.
Qd5 Bxb2 19. Qxb7+ Qe7 20. Qxe7+ Rxe7 21. Bd5+ Kf6 22. Bxa8 Bxa1 23. Rxa1 Nc7 24. Bf3 Ne6 25. Rd1 Bh3 26. Rxd6 Ke5 27. Rd5+ Kf6 28. Rd6 Kg7 29. Rd1 Ng5 30. Bh1 Re2 31. f4 Ne6 32. Rd7+ Kf6 33.
Bf3 Re1+ 34. Kf2 Ra1 35. Rxa7 Nd4 36. Ra6+ Kf7 37. Bd5+ Ke7 38. Ke3 Nf5+ 39. Kf2 Rc1 40. Ra7+ Kd6 41. b4 Rc2+ 42. Kf3 Bg2+ 43. Kg4 Bxd5 44. cxd5 Rxh2 45. Kg5 Kxd5 46. g4 Nd6 47. f5 gxf5 48. gxf5 h5 49. f6 h4 50. f7 Rg2+ 51. Kxh4 Rf2 52. Kg4 Nxf7 53. Kg3 Rf6 54. b5 Ne5 55. a4 Rf3+ 56. Kg2 Rb3 57. Rh7 Nc4 58. Rh5+ Kd4 59. Rh4+ Kc5 60. Rh5+ Kb4 61. b6 Kxa4 62. Rh4 Kb4 63. b7 Kc5 64. Rh5+ Kd4 65. Rh4+ Kd5 66. Rh5+ Ne5 67. Rh7 Nc6 68. Rh5+ Kd6 69. Rh7 Kc5 70. Kf2 Nd4 71. Ke1 Kc4 72. Kd2 Rb2+ 73. Kc1 Rb6 74. Kd2 Kd5 75. Rd7+ Ke5 76. Kd3 Nc6 77. Kc4 Ke6 78. Kc5 Kxd7 79. Kxb6 Kd6 80. b8=Q+ Nxb8 1/2-1/2